 Dungeon Crawl Stone Soup version 0.25-a0-589-g1e14c549ee (webtiles) character file.

Game seed: 14907964179638242425, levelgen mode: deterministic

6 Kohma the Digger (level 1, 0/10 HPs)
             Began as a Gargoyle Earth Elementalist on Mar 13, 2020.
             Slain by an ooze (4 damage)
             ... on level 1 of the Dungeon.
             The game lasted 00:01:09 (242 turns).

Kohma the Digger (Gargoyle Earth Elementalist)       Turns: 242, Time: 00:01:09

Health: 0/10       AC:  4    Str: 11    XL:     1   Next: 90%
Magic:  3/3        EV: 12    Int: 15    God:
Gold:   10         SH:  0    Dex: 10    Spells: 3/4 levels left

rFire    . . .     SeeInvis .   g - +0 dagger
rCold    . . .     Gourm    .   (no shield)
rNeg     + . .     Faith    .   c - +0 robe
rPois    ∞         Spirit   .   (no helmet)
rElec    +         Reflect  .   (no cloak)
rCorr    +         Harm     .   (no gloves)
MR       .....                  (no boots)
Stlth    ++........             (no amulet)
HPRegen  0.03/turn              f - ring of resist corrosion
MPRegen  0.08/turn              (no ring)

@: no status effects
A: negative energy resistance 1, electricity resistance, unbreathing,
petrification resistance, rot immunity, AC +2
a: no special abilities


You were on level 1 of the Dungeon.
You were not hungry.

You visited 1 branch of the dungeon, and saw 1 of its levels.

You collected 10 gold pieces.

Inventory:

Hand Weapons
 g - a +0 dagger (weapon)
Missiles
 b - 44 stones (quivered)
Armour
 c - a +0 robe (worn)
Jewellery
 f - a ring of resist corrosion (left hand)
Scrolls
 e - a scroll of remove curse {unknown}
Comestibles
 a - 5 chunks of flesh
 d - 5 rations


   Skills:
 - Level 1.5 Dodging
 - Level 2.1 Stealth
 + Level 2.2 Spellcasting
   Level 0.7 Transmutations
 + Level 3.9 Earth Magic


You had 3 spell levels left.
You knew the following spells:

 Your Spells              Type           Power        Failure   Level  Hunger
a - Sandblast             Erth           ##....       4%          1    #......

Your spell library contained the following spells:

 Spells                   Type           Power        Failure   Level  Hunger
 Passwall                 Tmut/Erth      #.......     13%         2    ###....
 Stone Arrow              Conj/Erth      #.....       28%         3    ###....
 Petrify                  Tmut/Erth      #.......     63%         4    #####..
 Lee's Rapid Deconstruct  Erth           ##........   75%         5    ######.


Dungeon Overview and Level Annotations

Branches:
Dungeon (1/15)

Altars:


Innate Abilities, Weirdness & Mutations

You are resistant to torment.
Your stone body is resilient. (AC +2)
You are immune to poison.
You resist negative energy. (rN+)
You are resistant to electric shocks. (rElec)
You can survive without breathing.
You are immune to petrification.
You are immune to rotting.


Message History

d - 5 rations (gained 1)
There are no items here.
Found 14 stones.
A hobgoblin comes into view.
The hobgoblin shouts!
A rat comes into view.
The ooze quivers.
Found a whip.
You hit the ooze.
The ooze is lightly wounded.
The ooze hits you.
You hit the ooze but do no damage. The ooze hits you.
You barely miss the ooze.
The ooze jiggles.
The ooze barely misses you.
You barely miss the ooze. The ooze barely misses you.
You hit the ooze but do no damage. The ooze hits you but does no damage.
You hit the ooze but do no damage. The ooze hits you.
You completely miss the ooze. The ooze hits you.
You die...

....#.... ....)###
.....#.# ......#
...#...# .(.... ##
......# ### #....##...#
....... ....#.....#.$..
...#####...#.........#
...............gr....#
.....####### #J# #.#
........# ###@###.##
........## .#........#
..####...###..........#
#... #.....###........#
###. ##....>#.........#
#.###...............#
#...)...............####
#########..............#
####............#


You could see an ooze, a hobgoblin and a rat.

Vanquished Creatures
  A ball python (D:1)
  A bat (D:1)
  2 hobgoblins (D:1)
  A kobold (D:1)
5 creatures vanquished.

Notes
Turn   | Place    | Note
-------+----------+-------------------------------------------
     0 | D:1      | Kohma the Gargoyle Earth Elementalist began the quest for
                  | the Orb.
     0 | D:1      | Reached XP level 1. HP: 10/10 MP: 3/3
   242 | D:1      | Slain by an ooze

Levels and vault maps discovered:
D:1:      shiori_shiawase, layout_rooms

Action                   || total
-------------------------++-------
Melee: Dagger            ||     7
       Club              ||     2
 Cast: Sandblast         ||     4
Armor: Robe              ||     3
Dodge: Dodged            ||     7

Table legend:
 A = Non-vault XP
 B = Vault XP
 C = Vault XP percentage of total XP
 D = Non-vault monster count
 E = Vault monster count
 F = Vault count percentage of total count
                 A         B        C        D         E       F
            +---------+---------+-------+---------+---------+-------
      Total |       9 |       0 |   0.0 |       5 |       0 |   0.0
            +---------+---------+-------+---------+---------+-------
        D:1 |       9 |       0 |   0.0 |       5 |       0 |   0.0
            +---------+---------+-------+---------+---------+-------
